AoeStats
← Headhunter_GG

Arabia

509649176Analyzed
2v2 RM · 5d ago on Sep 27, 2026· 45m 45s· 4 players
Game mode
Random Map
Map size
Medium (4 player)
Population
200
Speed
Normal
Resources
Standard
Victory
Conquest
Starting age
Dark Age
Ending age
Imperial Age
RankedLock teamsTeams togetherTeam positionsShared explorationLock speedFull tech treeHidden civsTurbo modeCheats
Victory
Defeat
🇬🇧 Chinese · United Kingdom
1331
+15
🇩🇪 Persians · Germany
1257
+17
🇮🇳 Mongols · India
1302
-16
🇮🇳 Persians · India
1302
-16
GRIM REAPER
9:03 Feudal Age
9:39 Loom
10:22 Double-Bit Axe
11:32 Town Watch
12:53 Horse Collar
19:12 Forging
19:14 Scale Barding Armor
24:34 Castle Age
27:25 Chain Barding Armor
30:01 Bloodlines
speed demon
6:01 Loom
8:41 Feudal Age
10:51 Town Watch
26:43 Castle Age
31:45 Husbandry
37:52 Scale Barding Armor
Headhunter_GG
6:25 Loom
8:36 Feudal Age
8:58 Double-Bit Axe
15:58 Wheelbarrow
16:21 Gold Mining
19:12 Castle Age
17:40 Gold Mining
18:36 Bloodlines
18:47 Horse Collar
20:00 Scale Barding Armor
20:06 Forging
20:18 Husbandry
24:33 Scale Mail Armor
25:10 Iron Casting
32:52 Fletching
33:44 Ballistics
34:14 Crossbowman
34:52 Bodkin Arrow
37:13 Thumb Ring
37:26 Bow Saw
38:17 Town Watch
38:49 Heavy Plow
40:33 Padded Archer Armor
42:18 Hand Cart
43:56 Chain Barding Armor
Luca
0:35 Loom
11:10 Feudal Age
12:29 Double-Bit Axe
Connection lost

Rejoining the realm…

Still unreachable

The connection could not be restored.

Session expired

The server has moved on; the page needs a fresh start.